 Dungeon Crawl Stone Soup version 0.30.0-15-g856e2d3f33 (webtiles) character file.

Game seed: 7035036758330919725

575 ProzacElf the Cudgeller (level 7, -2/50 HPs)
             Began as a Demonspawn Gladiator on May 18, 2023.
             Slain by an orc
             ... wielding a +0 trident
              (4 damage)
             ... on level 6 of the Dungeon.
             The game lasted 00:06:09 (3068 turns).

ProzacElf the Cudgeller (Demonspawn Gladiator)      Turns: 3068, Time: 00:06:10

Health: -2/50      AC: 13    Str: 16    XL:     7   Next: 12%
Magic:  0/7        EV: 11    Int:  9    God:
Gold:   251        SH:  0    Dex: 15    Spells: 6/6 levels left

rFire   . . .        b - +3 whip
rCold   . . .        (no shield)
rNeg    . . .        A - +2 ring mail {rPois}
rPois   +            (helmet restricted)
rElec   .            u - +0 cloak
rCorr   .            (no gloves)
SInv    .            E - +0 pair of boots
Will    .....        m - amulet of Free Will {Spirit -Cast rPois Stlth+}
Stlth   +++          x - ring of poison resistance
HPRegen 1.28/turn    g - +4 ring of protection
MPRegen 0.10/turn

%: no spellcasting, guardian spirit
@: no status effects
A: antennae 2, powered by death 2
a: no special abilities


You were on level 6 of the Dungeon.
You visited 1 branch of the dungeon, and saw 6 of its levels.

You collected 251 gold pieces.

Inventory:

Hand Weapons
 a - a +0 flail
 b - a +3 whip (weapon)
 o - a +1 dagger of speed
 y - a +2 heavy falchion
Missiles
 d - 4 throwing nets (quivered)
 e - a javelin
 p - 2 poisoned darts
Armour
 c - a +0 helmet
 f - a +0 ring mail
 s - a +0 leather armour
 u - a +0 cloak (worn)
 A - a +2 ring mail of poison resistance (worn)
 E - a +0 pair of boots (worn)
 G - a +9 plate armour of ponderousness
Jewellery
 g - a +4 ring of protection (right hand)
 j - a ring of magical power
 m - the amulet of Free Will (around neck) {Spirit -Cast rPois Stlth+}
   (You found it on level 2 of the Dungeon)

   [amulet of guardian spirit]

   It causes incoming damage to be divided between your reserves of health and
   magic.
   rPois:     It protects you from poison.
   -Cast:     It prevents spellcasting.
   Stlth:     It makes you more stealthy.
 x - a ring of poison resistance (left hand)
Wands
 B - a wand of flame (20)
 D - a wand of mindburst (5)
Scrolls
 h - a scroll of enchant weapon {unknown}
 i - a scroll of immolation {unknown}
 q - a scroll of torment {unknown}
 z - a scroll of fear {unknown}
 F - 2 scrolls of identify
Potions
 k - 4 potions of curing {unknown}
 l - 2 potions of brilliance
 n - 2 potions of resistance {unknown}
 r - a potion of heal wounds
 t - a potion of ambrosia {unknown}
 v - a potion of berserk rage {unknown}
 w - 2 potions of magic {unknown}
 C - a potion of lignification {unknown}


   Skills:
 - Level 2.0 Fighting
 + Level 5.7 Maces & Flails
 - Level 1.7 Throwing
 + Level 0.4 Armour
 - Level 2.6 Dodging
 - Level 5.0 Stealth


You had 6 spell levels left.
You didn't know any spells.
Your spell library contained the following spells:

 Spells                   Type           Power      Damage    Failure   Level
 Sandblast                Erth           0%         2d4       61%         1
 Passwall                 Tmut/Erth      0%         N/A       75%         2
 Sublimation of Blood     Necr           0%         N/A       75%         2
 Wereblood                Tmut           0%         N/A       75%         2
 Stone Arrow              Conj/Erth      0%         3d7       93%         3
 Summon Hydra             Summ           0%         N/A       100%        7


Dungeon Overview and Level Annotations

Branches:
Dungeon (7/15)
 Temple: D:4-7

Altars:
Cheibriados
Gozag
Hepliaklqana

Annotations:
D:6 Edmund


Innate Abilities, Weirdness & Mutations

You have a pair of antennae on your head.
You regenerate health from kills.


Message History

Tha orc priest be lightly wounded.
Ye hit tha orc priest.
Ye punch tha orc priest, but do nay damage.
Tha orc priest be moderately wounded.
Tha orc hits ye but does nay damage.
Tha orc priest hits ye but does nay damage.
Tha orc priest hits ye wit' a +0 hand axe.
Ye take 2 damage, an' haf 27/50 hp.
Ye now haf 3/7 mp.
Ye hit tha orc priest.
Tha orc priest be heavily wounded.
Tha orc hits ye but does nay damage.
Tha orc priest hits ye wit' a +0 club.
Tha orc priest hits ye but does nay damage.
Ye take 3 damage, an' haf 24/50 hp.
Ye be too injured ta fight recklessly!
Ye be too injured ta fight recklessly!
Ye be too injured ta fight recklessly!
Ye be too injured ta fight recklessly!
Ye be too injured ta fight recklessly!
Ye be too injured ta fight recklessly!
Ye hit tha orc priest.
Tha orc priest be almost dead.
Tha orc hits ye from afar wit' a +0 trident.
Tha orc priest hits ye wit' a +0 club.
Tha orc priest hits ye wit' a +0 hand axe.
Ye take 5 damage, an' haf 19/50 hp.
Ye closely miss tha orc priest.
Tha orc priest be almost dead.
Tha orc misses ye.
Tha orc priest calls down tha wrath o' Beogh upon ye.
Beogh smites ye!
* * * LOW HITPOINT WARNIN'
* * * Tha orc priest closely misses ye.
Ye take 9 damage, an' haf 10/50 hp.
Ye now haf 2/7 mp.
Ye hit tha orc priest.
Ye kill tha orc priest!
Tha orc priest mumbles some strange prayers ta Beogh against ye.
Pain shoots through yer body!
* * * LOW HITPOINT WARNIN'
* * * Tha orc hits ye from afar wit' a +0 trident.
Ye die...

#...##...#8..8#........
#...##..##....##.......
#......##......##......
#...##.###....###.#..##
#...#..# ###### #.#.##
#......#⌠......⌠#...#
#...#..#.._.._..#....
#..)##.#⌠......⌠# ###
#@#........#
#)o########+
#.oo........
###..........
#.......#..
####.........
#.........)#
#.##.......#
#........####.


You could see an orc priest and 2 orcs.

Vanquished Creatures
  An orc warrior (D:6)
  A black bear (D:6)
  A sky beast (D:6)
  3 orc priests
  A hound (D:6)
  An iguana (D:7)
  An orc wizard (D:6)
  8 adders
  A worm (D:2)
  A dart slug (D:2)
  12 orcs
  10 ball pythons
  7 endoplasms
  5 giant cockroaches
  4 goblins
  3 hobgoblins (D:1)
  4 jackals (D:1)
  3 quokkas
  5 bats
  4 frilled lizards
  A kobold (D:2)
  6 rats
83 creatures vanquished.

Notes
Turn   | Place    | Note
-------+----------+-------------------------------------------
     0 | D:1      | ProzacElf the Demonspawn Gladiator began the quest for the
                  | Orb.
     0 | D:1      | Reached XP level 1. HP: 16/16 MP: 1/1
   143 | D:1      | Reached skill level 1 in Stealth
   164 | D:1      | Gained mutation: You regenerate a little health from kills.
                  | [demonic ancestry]
   164 | D:1      | Reached XP level 2. HP: 22/22 MP: 2/2
   241 | D:1      | Found a faded altar of an unknown god.
   774 | D:1      | Gained mutation: You have a pair of small antennae on your
                  | head. [demonic ancestry]
   774 | D:1      | Reached XP level 3. HP: 27/27 MP: 3/3
   868 | D:2      | Identified the amulet of Free Will {Spirit -Cast rPois
                  | Stlth+}
  1250 | D:2      | Reached XP level 4. HP: 33/33 MP: 4/4
  1778 | D:3      | Found a hazy altar of Hepliaklqana.
  1978 | D:3      | Gained mutation: You regenerate health from kills. [demonic
                  | ancestry]
  1978 | D:3      | Reached XP level 5. HP: 25/38 MP: 5/5
  2439 | D:4      | You fall into a shaft and drop 3 floors!
  2519 | D:6      | Noticed a black bear
  2540 | D:6      | Killed a black bear
  2541 | D:6      | Gained mutation: You have a pair of antennae on your head.
                  | [demonic ancestry]
  2541 | D:6      | Reached XP level 6. HP: 35/44 MP: 3/6
  2673 | D:6      | Noticed an orc warrior
  2714 | D:6      | Found a snail-covered altar of Cheibriados.
  2715 | D:6      | Noticed a sky beast
  2721 | D:6      | Noticed an orc warrior
  2723 | D:6      | Killed a sky beast
  2724 | D:6      | Reached skill level 5 in Maces & Flails
  2772 | D:6      | Killed an orc warrior
  2773 | D:6      | Reached skill level 5 in Stealth
  2773 | D:6      | Reached XP level 7. HP: 35/50 MP: 3/7
  2826 | D:6      | Found an opulent altar of Gozag.
  2882 | D:6      | Noticed Edmund
  3068 | D:6      | HP: 2/50 [orc priest/nerve-wracking pain (9)]
  3068 | D:6      | Slain by an orc

Illustrated notes

Levels and vault maps discovered:
D:1:      dpeg_arrival_oval, layout_basic,
          shapermc_ecumenical_altar_starsandcircs
D:2:      layout_basic
D:3:      layout_loops_corners, lemuel_tele_altar
D:4:      layout_basic
D:6:      layout_rooms, jmf_multi_god_temple, uniq_edmund
D:7:      layout_basic

Skill      XL: |  1  2  3  4  5  6 |
---------------+-------------------+-----
Stealth        | 1 2 3 4 5 |  5.0
Maces & Flails | 3 4 5 |  5.7
Fighting       | |  2.0
Throwing       | |  1.7
Armour         | |  0.4
Dodging        | |  2.6

Action                     |  1- 3 |  4- 6 |  7- 9 || total
---------------------------+-------+-------+-------++-------
  Melee: Flail             |   113 |       |       ||   113
         Whip              |     8 |   173 |    17 ||   198
         Punch             |     1 |     3 |     1 ||     5
  Evoke: Wand              |       |     5 |       ||     5
    Use: Scroll            |       |     2 |       ||     2
   Stab: Sleeping          |     2 |     5 |     1 ||     8
 Armour: Ring mail         |    58 |    62 |     7 ||   127
  Dodge: Dodged            |    75 |    95 |     8 ||   178

Action                     |  1- 3 |  4- 6 |  7- 9 || total
---------------------------+-------+-------+-------++-------
  Melee: Flail             |   113 |       |       ||   113
         Whip              |     8 |   173 |    17 ||   198
         Punch             |     1 |     3 |     1 ||     5
  Evoke: Wand              |       |     5 |       ||     5
    Use: Scroll            |       |     2 |       ||     2
   Stab: Sleeping          |     2 |     5 |     1 ||     8
 Armour: Ring mail         |    58 |    62 |     7 ||   127
  Dodge: Dodged            |    75 |    95 |     8 ||   178

Levels and vault maps discovered:
D:1:      dpeg_arrival_oval, layout_basic,
          shapermc_ecumenical_altar_starsandcircs
D:2:      layout_basic
D:3:      layout_loops_corners, lemuel_tele_altar
D:4:      layout_basic
D:6:      layout_rooms, jmf_multi_god_temple, uniq_edmund
D:7:      layout_basic
